 Dungeon Crawl Stone Soup version 0.28-a0-1190-g77e1c55843 (webtiles) character file.

Game seed: 13767593667124318427

95 Glokmah the Sneak (level 4, -4/27 HPs)
             Began as a Tengu Brigand on Dec 18, 2021.
             Slain by ChaosChampion's ghost (9 damage)
             ... on level 4 of the Dungeon.
             The game lasted 00:03:45 (3111 turns).

Glokmah the Sneak (Tengu Brigand)                   Turns: 3111, Time: 00:03:46

Health: -4/27      AC:  3    Str: 11      XL:     4   Next: 66%
Magic:  5/5        EV: 11    Int: 12      God:
Gold:   141        SH:  0    Dex:  9 (17) Spells: 3/3 levels left

rFire   . . .      SeeInvis .   a - +2 dagger
rCold   . . .      Faith    .   (no shield)
rNeg    . . .      Spirit   .   b - +0 robe
rPois   .          Reflect  .   (helmet restricted)
rElec   .          Harm     .   c - +0 cloak
rCorr   .          Rampage  .   (no gloves)
Will    .....                   (boots unavailable)
Stlth   +++.......              o - amulet of regeneration
HPRegen 0.89/turn               (no ring)
MPRegen 0.09/turn               (no ring)

@: no status effects
A: beak, talons 3
a: no special abilities


You were on level 4 of the Dungeon.
You visited 1 branch of the dungeon, and saw 4 of its levels.

You collected 141 gold pieces.

Inventory:

Hand Weapons
 a - a +2 dagger (weapon)
 j - a +0 vampiric short sword
Missiles
 d - 28 poisoned darts (quivered)
 e - 2 curare-tipped darts
 k - 48 stones
Armour
 b - a +0 robe (worn)
 c - a +0 cloak (worn)
Jewellery
 f - a +6 ring of dexterity
 o - an amulet of regeneration (around neck)
Potions
 h - a potion of degeneration {unknown}
 l - 2 potions of curing {unknown}


   Skills:
 + Level 2.6 Fighting
 * Level 3.7 Short Blades
 - Level 2.0 Throwing
 - Level 1.1 Dodging
 * Level 5.0 Stealth


You had 3 spell levels left.
You didn't know any spells.
Your spell library contained the following spells:

 Spells                   Type           Power      Damage    Failure   Level
 Animate Skeleton         Necr           0%         N/A       32%         1
 Pain                     Necr           0%         1d4       32%         1
 Vampiric Draining        Necr           0%         2d6       69%         3


Dungeon Overview and Level Annotations

Branches:
Dungeon (4/15)
 Temple: D:4-7

Altars:

Shops:
D:1 (

Annotations:
D:4 1 transporter, ChaosChampion's ghost, amateur DrTm


Innate Abilities, Weirdness & Mutations

You have a beak for a mouth.
You have claws for feet.


Message History

The quasit barely misses you. The quasit closely misses you. x2
The hound stops to sniff the ground.
The quasit closely misses you. The quasit barely misses you.
The quasit closely misses you. The quasit barely misses you.
The quasit claws you but does no damage. x2
The quasit closely misses you. The quasit barely misses you. x2
You miss the quasit. You claw the quasit.
The quasit is moderately wounded.
The quasit bites you but does no damage.
The quasit closely misses you.
The quasit claws you but does no damage.
ChaosChampion's ghost closely misses you.
The quasit closely misses you. The quasit barely misses you.
The quasit claws you but does no damage.
The quasit bites you.
You feel clumsy. The quasit claws you.
You feel clumsy.
The quasit claws you but does no damage.
You hit the quasit. Your kick misses the quasit.
The quasit is heavily wounded.
The quasit barely misses you. The quasit completely misses you.
The quasit claws you but does no damage.
The quasit bites you but does no damage.
The quasit barely misses you. The quasit claws you.
The quasit barely misses you. The quasit claws you.
You feel clumsy. The quasit claws you. ChaosChampion's ghost hits you.
As you read the scroll labelled ALIM FAWUU, it crumbles to dust.
The scroll dissolves into smoke.
It was a scroll of fog.
The quasit bites you. The quasit claws you. x2
* * * LOW HITPOINT WARNING * * *
The quasit bites you but does no damage.
The quasit misses you. The quasit claws you.
* * * LOW HITPOINT WARNING * * *
The quasit bites you.
* * * LOW HITPOINT WARNING * * *
The quasit closely misses you. The quasit barely misses you.
ChaosChampion's ghost hits you!
You die...

* **,#...#.#..#..#********
*,,#...#.#..#..# *,##.#.....##..#
*,#.#...#..#...# *,#...#©...#©..#
**,*#.....#.#..## *
#,,©#.#..§#.##.# *
#..##..##W#..#.# *
#..#...#@5§#.#.# **
#..##.§55#§.##.# ,*
##...##§§§...#..# ,***
#.,#..#####.##.##
,,,#####.**#....h###..# *****
,*,(.....#####.......## ****,,,,
*****#......#..>###..#****,,,,,,,
###.........## #..#*,,,,,,,,,,
##.......#†.## #..#*,,,,,,,,,,


You could see 3 quasits and ChaosChampion's ghost.

Vanquished Creatures
  4 adders
  4 endoplasms
  7 giant cockroaches
  4 goblins
  3 hobgoblins
  6 jackals
  4 quokkas
  4 ball pythons
  3 bats
  A frilled lizard (D:3)
  9 kobolds
  3 rats
52 creatures vanquished.

Vanquished Creatures (collateral kills)
  2 jackals (D:4)
2 creatures vanquished.

Grand Total: 54 creatures vanquished

Notes
Turn   | Place    | Note
-------+----------+-------------------------------------------
     0 | D:1      | Glokmah the Tengu Brigand began the quest for the Orb.
     0 | D:1      | Reached XP level 1. HP: 12/12 MP: 2/2
   165 | D:1      | Reached XP level 2. HP: 13/17 MP: 3/3
   721 | D:1      | Found Pagoestro's Weapon Boutique.
   729 | D:1      | Found a faded altar of an unknown god.
  1021 | D:1      | Reached XP level 3. HP: 16/21 MP: 4/4
  2043 | D:2      | Reached XP level 4. HP: 27/27 MP: 5/5
  2971 | D:3      | Reached skill level 5 in Stealth
  3059 | D:4      | Noticed ChaosChampion's ghost (amateur DrTm)
  3066 | D:4      | Found a transporter.
  3073 | D:4      | Found a transporter.
  3111 | D:4      | Slain by ChaosChampion's ghost

Illustrated notes

Levels and vault maps discovered:
D:1:      dpeg_arrival_water_fire, layout_loops_ring, serial_shops,
          nicolae_shop_crystal, ebering_ecumenical_altar_sacrificial,
          minmay_worlds_worst_comb
D:2:      layout_basic, chequers_big_river
D:3:      layout_basic
D:4:      layout_cave_pods, gammafunk_ghost_stat_death, uniq_menkaure

Skill      XL: |  1  2  3  4 |
---------------+-------------+-----
Short Blades   | 3 |  3.7
Stealth        | 5 |  5.0
Fighting       | |  2.6
Throwing       | |  2.0
Dodging        | |  1.1

Action                   |  1- 3 |  4- 6 || total
-------------------------+-------+-------++-------
Melee: Dagger            |    88 |    47 ||   135
       Kick              |    21 |     6 ||    27
       Peck              |    14 |     5 ||    19
  Use: Scroll            |       |     6 ||     6
 Stab: Sleeping          |     3 |     4 ||     7
Armor: Robe              |    15 |    43 ||    58
Dodge: Dodged            |    37 |    82 ||   119

Table legend: (Time is in decaauts)
 A = Elapsed time spent in this place.
 B = Non-inter-level travel time spent in this place.
 C = Inter-level travel time spent in this place.
 D = Time resting spent in this place.
 E = Time spent auto-exploring this place.
 F = Levels seen in this place.
 G = Mean time per level.
                   A        B        C        D        E       F      G
               +--------+--------+--------+--------+--------+-----+--------+
         Total |   3101 |   2936 |    165 |      0 |   2407 |   4 |  775.2 |
       Dungeon |   3101 |   2936 |    165 |      0 |   2407 |   4 |  775.2 |
               +--------+--------+--------+--------+--------+-----+--------+

Top non-repeatable levels by time:
     D:1: 1375 daAuts
     D:2: 924 daAuts
     D:3: 716 daAuts
     D:4: 84 daAuts
